 Dungeon Crawl Stone Soup version 0.23.2-33-g5129a83 (webtiles) character file.

Game seed: 6391644531874071878

220 Fang the Skirmisher (level 5, 0/51 HPs)
             Began as a Gargoyle Berserker on July 9, 2019.
             Was a Believer of Trog.
             Slain by a hound (1 damage)
             ... on level 4 of the Dungeon.
             The game lasted 00:02:41 (2739 turns).

Fang the Skirmisher (Gargoyle Berserker)            Turns: 2739, Time: 00:02:42

Health: 0/51       AC:  8    Str: 27    XL:     5   Next: 97%
Magic:  14/14      EV: 12    Int:  7    God:    Trog [**....]
Gold:   231        SH:  0    Dex:  9    Spells: 4/4 levels left

rFire    . . .     SeeInvis .   a - +0 hand axe
rCold    . . .     Gourm    .   (no shield)
rNeg     + . .     Faith    .   b - +0 animal skin
rPois    ∞         Spirit   .   (no helmet)
rElec    +         Reflect  .   (no cloak)
rCorr    .         Harm     .   p - +1 pair of gloves
MR       .....                  (no boots)
Stlth    ..........             (no amulet)
HPRegen  0.17/turn              i - ring of magical power
MPRegen  0.14/turn              (no ring)

@: berserking, very quick
A: negative energy resistance 1, electricity resistance, unbreathing,
petrification resistance, rot immunity, AC +4
a: Berserk, Trog's Hand, Renounce Religion


You were on level 4 of the Dungeon.
You worshipped Trog.
Trog was pleased with you.
You were near starving.

You visited 1 branch of the dungeon, and saw 4 of its levels.

You collected 231 gold pieces.

Inventory:

Hand Weapons
 a - a +0 hand axe (weapon)
Armour
 b - a +0 animal skin (worn)
 p - a +1 pair of gloves (worn)
Jewellery
 i - a ring of magical power (left hand)
Scrolls
 e - 5 scrolls of identify {unknown}
 f - 3 scrolls of amnesia {unknown}
 g - 6 scrolls of remove curse {unknown}
 m - a scroll of immolation {unknown}
 n - a scroll of fog {unknown}
 o - a scroll of enchant armour {unknown}
 s - a scroll of noise {unknown}
Potions
 d - 4 potions of lignification {unknown}
 h - 4 potions of degeneration {unknown}
 k - 2 potions of cancellation {unknown}
 l - a potion of brilliance {unknown}
 q - 2 potions of might {unknown}
 r - a potion of magic {unknown}
Comestibles
 c - 5 rations


   Skills:
 + Level 4.5 Fighting
 + Level 3.7 Axes
 + Level 3.7 Armour
 + Level 2.7 Dodging


You had 4 spell levels left.
You didn't know any spells.
Your spell library was empty.

Dungeon Overview and Level Annotations

Branches:
Dungeon (4/15)
 Temple: D:4-7

Altars:
Okawaru


Innate Abilities, Weirdness & Mutations

You are resistant to torment.
Your stone body is resilient. (AC +4)
You are immune to poison.
You resist negative energy. (rN+)
You are resistant to electric shocks. (rElec)
You can survive without breathing.
You are immune to petrification.
You are immune to rotting.


Message History

You closely miss the hound.
The hound is heavily wounded.
The hound closely misses you.
The gnoll hits you from afar with a +0 halberd.
* * * LOW HITPOINT WARNING * * *
You slash the hound!
The hound is almost dead.
The gnoll hits you but does no damage. The hound bites you.
* * * LOW HITPOINT WARNING * * *
You closely miss the hound.
The hound is almost dead.
The hound barely misses you.
The gnoll hits you from afar with a +0 halberd.
* * * LOW HITPOINT WARNING * * *
The gnoll hits you from afar with a +0 spear.
* * * LOW HITPOINT WARNING * * *
You barely miss the hound.
The hound is almost dead.
The hound bites you.
You die...

............#......
...##............##.....
.................##..#..
.................###.#..
.................###....
.......[.........#......
.....gg..........#....>.
#...)h)....#####......
##....@.......# ###....
#.............#####....
#...............(......
?.......................
........................
......####..............
...... #........[.....
...... #..............
>..... #..............


You could see a hound and 2 gnolls.

Vanquished Creatures
  A howler monkey (D:4)
  6 gnolls
  5 adders
  2 oozes
  An adder skeleton (D:4)
  3 worms
  2 dart slugs (D:1)
  4 orcs (D:3)
  6 bats
  3 giant cockroaches
  6 goblins
  5 hobgoblins
  3 frilled lizards
  8 kobolds
  2 rats
57 creatures vanquished.

Notes
Turn   | Place    | Note
-------+----------+-------------------------------------------
     0 | D:1      | Fang the Gargoyle Berserker began the quest for the Orb.
     0 | D:1      | Reached XP level 1. HP: 14/14 MP: 1/1
   159 | D:1      | Reached XP level 2. HP: 10/19 MP: 2/2
  1086 | D:2      | Reached XP level 3. HP: 21/23 MP: 3/3
  1260 | D:2      | Reached ** piety under Trog
  1269 | D:2      | Reached XP level 4. HP: 21/29 MP: 4/4
  1288 | D:2      | Found a faded altar of an unknown god.
  1592 | D:3      | Reached skill level 4 in Fighting
  1596 | D:3      | Found an iron altar of Okawaru.
  1987 | D:3      | Reached XP level 5. HP: 33/33 MP: 5/5
  2738 | D:4      | HP: 1/51 [gnoll/+0 spear (4)]
  2739 | D:4      | Slain by a hound

Skill      XL: |  1  2  3  4 |
---------------+-------------+-----
Axes           | 3 |  3.7
Dodging        | 2 |  2.7
Armour         | 3 |  3.7
Fighting       | 4 |  4.5

Action                   |  1- 3 |  4- 6 || total
-------------------------+-------+-------++-------
Melee: Hand axe          |    84 |   125 ||   209
Invok: Berserk           |     1 |     2 ||     3
 Stab: Sleeping          |       |     1 ||     1
  Eat: Chunk             |     2 |     5 ||     7
Armor: Animal skin       |    47 |    53 ||   100
Dodge: Dodged            |    69 |   100 ||   169
